 Dungeon Crawl Stone Soup version 0.19.0 (webtiles) character file.

1339 Grim the Zephyrmancer (level 8, 0/41 HPs)
             Began as a Tengu Air Elementalist on Nov 1, 2016.
             Was a Follower of Sif Muna.
             Slain by Duvessa
             ... wielding a +2 rapier of venom
              (14 damage)
             ... on level 6 of the Dungeon.
             The game lasted 00:28:34 (8540 turns).

Grim the Zephyrmancer (Tengu Air Elementalist)      Turns: 8540, Time: 00:28:35

Health: 0/41       AC:  4    Str:  8    XL:     8   Next: 61%
Magic:  4/12       EV: 13    Int: 17    God:    Sif Muna [*.....]
Gold:   260        SH:  0    Dex: 16    Spells: 3 memorised, 6 levels left

rFire  . . .     SeeInvis .       - Unarmed
rCold  . . .     Gourm    .     a - +0 robe
rNeg   . . .     Faith    .     (no shield)
rPois  .         Spirit   .     (helmet restricted)
rElec  .         Reflect  .     (no cloak)
rCorr  .         Harm     .     (no gloves)
MR     +....                    (boots unavailable)
Stlth  ++........               (no amulet)
                                g - +2 ring of protection
                                n - ring of protection from magic

@: no status effects
A: beak, talons 3, able to fly 1
a: Fly, Divine Energy, Renounce Religion


You were on level 6 of the Dungeon.
You worshipped Sif Muna.
Sif Muna was aware of your devotion.
You were not hungry.

You visited 2 branches of the dungeon, and saw 7 of its levels.

You collected 260 gold pieces.

Inventory:

Hand Weapons
 x - a +0 falchion
Missiles
 s - 5 tomahawks
 F - a throwing net (quivered)
Armour
 a - a +0 robe (worn)
Jewellery
 f - an uncursed ring of see invisible
 g - a +2 ring of protection (right hand)
 n - a ring of protection from magic (left hand)
 C - an uncursed ring of positive energy {unknown}
Wands
 E - a wand of polymorph (12/24)
Scrolls
 d - 4 scrolls of remove curse
 j - 2 scrolls of enchant armour {unknown}
 o - a scroll of immolation {unknown}
 r - 2 scrolls of teleportation {unknown}
 u - a scroll of fog {unknown}
 y - a scroll of amnesia {unknown}
Potions
 e - 2 potions of curing
 i - 2 potions of cancellation
 k - 5 potions of brilliance
 l - a potion of flight {unknown}
 m - a potion of cure mutation
 q - a potion of berserk rage {unknown}
 t - a potion of invisibility {unknown}
 w - 2 potions of heal wounds {unknown}
 z - a potion of degeneration {unknown}
 D - a potion of resistance {unknown}
Books
 b - a book of Air

   Spells                             Type                      Level
   a - Shock                          Conjuration/Air              1
   b - Swiftness                      Charms/Air                   2
   c - Repel Missiles                 Charms/Air                   2
   d - Static Discharge               Conjuration/Air              3
   e - Lightning Bolt                 Conjuration/Air              5
 B - a book of Frost

   Spells                             Type                      Level
   a - Freeze                         Ice                          1
   b - Throw Frost                    Conjuration/Ice              2
   c - Ozocubu's Armour               Charms/Ice                   3
   d - Throw Icicle                   Conjuration/Ice              4
   e - Summon Ice Beast               Ice/Summoning                4
Comestibles
 c - 3 bread rations
 h - 3 beef jerkies
 p - 2 slices of pizza
 v - 3 meat rations
 A - a royal jelly


   Skills:
 - Level 2.1 Dodging
 - Level 2.0 Stealth
 + Level 4.8 Unarmed Combat
 - Level 2.0 Spellcasting
 + Level 7.9 Conjurations
 - Level 2.7 Ice Magic
 + Level 8.8 Air Magic


You had 6 spell levels left.
You knew the following spells:

 Your Spells              Type           Power        Failure   Level  Hunger
a - Shock                 Conj/Air       ####         1%          1    #......
b - Static Discharge      Conj/Air       ####....     1%          3    ###....
c - Freeze                Ice            ##..         10%         1    #......


Dungeon Overview and Level Annotations

Branches:
Dungeon (6/15)             Temple (1/1) D:5

Altars:
Elyvilon
Gozag
Nemelex Xobeh
Okawaru
Sif Muna
Uskayaw
Xom
Yredelemnul
Zin
The Shining One

Annotations:
D:6 Dowan, Duvessa


Innate Abilities, Weirdness & Mutations

You have a beak for a mouth.
You have claws for feet.
You can fly.


Message History

You hit Duvessa but do no damage. Your peck misses Duvessa.
Duvessa is moderately wounded.
Duvessa barely misses you.
Casting: Static Discharge
Confirm with . or Enter, or press ? or * to list all spells.
Aiming: Shock
Press: ? - help, Shift-Dir - straight line, f/p - Duvessa
Aim: Duvessa, wielding a rapier of venom (moderately wounded)
The zap hits Duvessa.
Duvessa is heavily wounded.
You feel sick.
Duvessa hits you with a rapier of venom!
* * * LOW HITPOINT WARNING * * *
You are lethally poisoned!
You feel better.
Duvessa hits you with a rapier of venom.
* * * LOW HITPOINT WARNING * * *
You feel better.
Duvessa hits you with a rapier of venom!
You die...

... #.....######## #.####
#............. #....#
#.....######## .
##....#####.....#########
.#......................#
.##...#####.....#######.###
.#.......##............_..
.#....##.#######......#.#.###
.#.#####.# #@e(..........
.#.# #.# #######.##.... .#.#
#.# ... . .#.#####.# ####
....e †#.....#.# #... .......
.#####.#.###.### .......
.#.............# .......
...............# ###....
...#.#.........#


You could see Duvessa.

Vanquished Creatures
  The ghost of flt the Magician, a novice GrEE (D:5)
  A water moccasin (D:6)
  A sky beast (D:5)
  A gnoll sergeant (D:6)
  A scorpion (D:6)
  A crimson imp (D:5)
  3 centaur zombies
  2 orc priests
  2 hounds
  A jelly (D:5)
  2 centaur skeletons
  An iguana (D:5)
  4 orc wizards
  A worker ant (D:4)
  7 gnolls
  14 adders
  3 dart slugs
  3 leopard geckos
  16 orcs
  4 ball pythons
  5 bats
  8 giant cockroaches
  8 goblins
  8 hobgoblins
  14 jackals
  7 kobolds
  2 quokkas
  4 frilled lizards
  A leopard gecko skeleton (D:4)
  4 rats
130 creatures vanquished.

Notes
Turn   | Place    | Note
-------+----------+-------------------------------------------
     0 | D:1      | Grim the Tengu Air Elementalist began the quest for the Orb.
     0 | D:1      | Reached XP level 1. HP: 10/10 MP: 4/4
   209 | D:1      | Reached XP level 2. HP: 6/15 MP: 0/6
   937 | D:1      | Reached XP level 3. HP: 19/19 MP: 4/7
  1120 | D:2      | Learned a level 3 spell: Static Discharge
  1266 | D:2      | Reached skill level 1 in Unarmed Combat
  1299 | D:2      | Reached XP level 4. HP: 10/24 MP: 2/8
  1732 | D:2      | Reached skill level 5 in Air Magic
  2559 | D:3      | Gained mutation: You can fly. [Tengu growth]
  2559 | D:3      | Reached XP level 5. HP: 23/28 MP: 1/9
  2652 | D:3      | Found a basalt altar of Yredelemnul.
  3199 | D:3      | Found an opulent altar of Gozag.
  3509 | D:4      | Found a faded altar of an unknown god.
  3509 | D:4      | Found a faded altar of an unknown god.
  3514 | D:4      | Found an iron altar of Okawaru.
  3516 | D:4      | Found a faded altar of an unknown god.
  3518 | D:4      | Found a faded altar of an unknown god.
  4121 | D:4      | Reached skill level 6 in Air Magic
  4139 | D:4      | Reached XP level 6. HP: 25/32 MP: 2/10
  4371 | D:4      | Reached skill level 5 in Conjurations
  6089 | D:5      | Entered Level 5 of the Dungeon
  6187 | D:5      | Reached skill level 7 in Air Magic
  6187 | D:5      | Reached XP level 7. HP: 36/36 MP: 5/11
  6431 | D:5      | Found a staircase to the Ecumenical Temple.
  6450 | Temple   | Entered the Ecumenical Temple
  6533 | Temple   | Became a worshipper of Sif Muna the Loreminder
  6616 | D:5      | Noticed flt's ghost (novice GrEE)
  6730 | D:5      | Killed flt's ghost
  6730 | D:5      | Reached skill level 8 in Air Magic
  6870 | D:5      | Learned a level 1 spell: Freeze
  6885 | D:5      | Reached skill level 1 in Ice Magic
  6885 | D:5      | Reached XP level 8. HP: 23/41 MP: 12/12
  7435 | D:5      | Found a white marble altar of Elyvilon.
  7854 | D:6      | Reached * piety under Sif Muna
  8515 | D:6      | Found a glowing silver altar of Zin.
  8519 | D:6      | Noticed Duvessa
  8524 | D:6      | Noticed Dowan
  8540 | D:6      | Slain by Duvessa

Skill      XL: |  1  2  3  4  5  6  7  8 |
---------------+-------------------------+-----
Conjurations   | 2 3 4 5 6 7 |  7.9
Unarmed Combat | 1 2 3 4 |  4.8
Air Magic      | 5 6 7 8 |  8.8
Ice Magic      | 1 2 |  2.7
Dodging        | |  2.1
Stealth        | |  2.0
Spellcasting   | |  2.0

Action                   |  1- 3 |  4- 6 |  7- 9 || total
-------------------------+-------+-------+-------++-------
Melee: Unarmed           |    27 |     1 |    33 ||    61
       Kick              |     4 |       |     9 ||    13
       Peck              |     4 |       |     3 ||     7
Throw: Tomahawk          |       |     2 |     1 ||     3
       Throwing net      |       |       |     1 ||     1
 Cast: Shock             |    52 |   135 |    54 ||   241
       Static Discharge  |       |    16 |    23 ||    39
       Freeze            |       |       |    11 ||    11
  Use: Scroll            |       |     7 |       ||     7
       Potion            |       |       |     5 ||     5
 Stab: Held in net/web   |       |       |     2 ||     2
  Eat: Chunk             |     1 |    20 |     8 ||    29
       Bread ration      |       |       |     1 ||     1
Armor: Robe              |    11 |    12 |    11 ||    34
Dodge: Dodged            |    23 |    30 |    52 ||   105
